 Dungeon Crawl Stone Soup version 0.29.1-2-gbd0b4ee654 (webtiles) character file.

Game seed: 1378912145597324120

67 GorkyZ the Twirler (level 4, -6/34 HPs)
             Began as a Formicid Gladiator on Nov 25, 2022.
             Killed by nerve-wracking pain
             ... invoked by an orc priest
              (13 damage)
             ... on level 3 of the Dungeon.
             The game lasted 00:04:53 (1988 turns).

GorkyZ the Twirler (Formicid Gladiator)             Turns: 1988, Time: 00:04:53

Health: -6/34      AC:  6    Str: 20    XL:     4   Next: 38%
Magic:  4/4        EV: 16    Int:  8    God:
Gold:   39         SH:  0    Dex: 15    Spells: 3/3 levels left

rFire   . . .      SeeInvis +   a - +0 quarterstaff
rCold   . . .      Faith    .   (no shield)
rNeg    . . .      Spirit   .   g - +0 ring mail
rPois   .          Reflect  .   (helmet unavailable)
rElec   .          Harm     .   e - +0 cloak
rCorr   .          Rampage  .   (no gloves)
Will    .....                   (no boots)
Stlth   +.........              (no amulet)
HPRegen 0.11/turn               f - +4 ring of evasion
MPRegen 0.09/turn               (no ring)

@: no status effects
A: permanent stasis, dig shafts and tunnels, antennae 3, four strong arms
a: Dig, Shaft Self


You were on level 3 of the Dungeon.
You visited 1 branch of the dungeon, and saw 3 of its levels.

You collected 39 gold pieces.

Inventory:

Hand Weapons
 a - a +0 quarterstaff (weapon)
Missiles
 c - 5 throwing nets (quivered)
 d - a javelin
 o - 3 boomerangs
 p - 3 poisoned darts
Armour
 b - a +0 leather armour
 e - a +0 cloak (worn)
 g - a +0 ring mail (worn)
Jewellery
 f - a +4 ring of evasion (left hand)
Scrolls
 i - 4 scrolls of identify {unknown}
 n - 3 scrolls of teleportation {unknown}
 q - a scroll of fog {unknown}
 s - a scroll of enchant weapon {unknown}
Potions
 h - 3 potions of haste {unknown}
 j - a potion of invisibility {unknown}
 k - a potion of mutation {unknown}
 l - a potion of degeneration {unknown}
 m - 2 potions of curing {unknown}
 r - 2 potions of lignification {unknown}


   Skills:
 + Level 2.5 Fighting
 * Level 1.4 Axes
 + Level 3.1 Staves
 + Level 2.2 Throwing
 * Level 1.4 Armour
 + Level 2.8 Dodging
 * Level 1.4 Shields
 * Level 1.2 Evocations


You had 3 spell levels left.
You didn't know any spells.
Your spell library contained the following spells:

 Spells                   Type           Power      Damage    Failure   Level
 Ensorcelled Hibernation  Hex/Ice        0%         N/A       73%         2
 Passwall                 Tmut/Erth      0%         N/A       73%         2
 Olgreb's Toxic Radiance  Pois           0%         N/A       100%        4
 Silence                  Hex/Air        0%         N/A       100%        5
 Maxwell's Capacitive Co  Air            0%         ∞         100%        8
 Swiftness                Air            Unusable   N/A       N/A         3

Dungeon Overview and Level Annotations

Branches:
Dungeon (3/15)

Altars:

Shops:
D:2 *


Innate Abilities, Weirdness & Mutations

You cannot be hasted, slowed, berserked, paralysed or teleported.
You can dig through walls and to a lower floor.
You have a pair of large antennae on your head. (SInv)
Your four strong arms can wield two-handed weapons with a shield.


Message History

The orc priest barely misses you.
You sock the orc priest!
You kill the orc priest!
Your Evocations skill increases to level 1!
You have reached level 4!
You feel clever.
You barely miss the orc. The orc hits you but does no damage.
You hit the orc.
The orc is heavily wounded.
The orc misses you.
You closely miss the orc.
The orc is heavily wounded.
The orc priest mumbles some strange prayers to Beogh against you.
Beogh smites you!
* * * LOW HITPOINT WARNING * * *
The orc hits you with a +0 short sword.
* * * LOW HITPOINT WARNING * * *
You barely miss the orc priest.
The orc priest looks satisfied for a moment.
The orc closely misses you. The orc priest closely misses you.
The orc closely misses you.
You hit the orc priest.
The orc priest is heavily wounded.
The orc priest barely misses you. The orc hits you with a +0 short sword.
* * * LOW HITPOINT WARNING * * *
You hit the orc priest but do no damage.
The orc priest is heavily wounded.
The orc priest barely misses you. The orc hits you but does no damage.
You hit the orc priest.
The orc priest is severely wounded.
The orc priest barely misses you. The orc misses you.
You closely miss the orc priest.
The orc priest is severely wounded.
The orc priest hits you but does no damage.
The orc barely misses you.
You barely miss the orc priest.
The orc priest is severely wounded.
The orc priest mumbles some strange prayers to Beogh against you.
Pain shoots through your body!
You die...

#...# # #... ... . #.
#... ### #.####. .##..
...####... .. .#..
{.........###. ..#
..........#. #.#
####....o....
######@####{...#....##.
#...).oo..#.###{o......
######....#.#{{.#...##.
#........#.######{
#.....####.# #..
+......##..# #.#
#....#.[#.######{#
#....##..........{
#..(.###.[######.#


You could see an orc priest and an orc.

Vanquished Creatures
  An orc priest (D:3)
  A dart slug (D:1)
  2 ball pythons (D:2)
  4 bats
  An endoplasm (D:1)
  4 giant cockroaches
  5 goblins
  A hobgoblin (D:2)
  3 jackals (D:1)
  2 quokkas
  3 frilled lizards (D:1)
  4 kobolds
  2 rats
33 creatures vanquished.

Notes
Turn   | Place    | Note
-------+----------+-------------------------------------------
     0 | D:1      | GorkyZ the Formicid Gladiator began the quest for the Orb.
     0 | D:1      | Reached XP level 1. HP: 16/16 MP: 1/1
   192 | D:1      | Reached XP level 2. HP: 22/22 MP: 2/2
   445 | D:1      | Reached skill level 1 in Shields
   840 | D:1      | Reached XP level 3. HP: 27/28 MP: 3/3
   888 | D:2      | Reached skill level 1 in Axes
   908 | D:2      | Found a faded altar of an unknown god.
   926 | D:2      | Identified the +8 sling of the Demagogue {flame, rF+ rC+
                  | rN+ Str+2}
  1168 | D:2      | Found Omijuy's Assorted Antiques.
  1248 | D:2      | Got the Folio of the Pestilent Storm
  1591 | D:2      | Reached skill level 1 in Armour
  1980 | D:3      | Reached skill level 1 in Evocations
  1980 | D:3      | Reached XP level 4. HP: 24/34 MP: 4/4
  1988 | D:3      | Killed from afar by an orc priest

Illustrated notes

Levels and vault maps discovered:
D:1:      minmay_arrival_arboretum_large, layout_basic
D:2:      layout_loops_ring, serial_shops, nicolae_diamond_shop,
          ebering_ecumenical_altar_webs, minmay_splitting_lines,
          minmay_randomly_rotated_circles
D:3:      layout_rooms, kennysheep_minor_cross, grunt_ministairs_5, uniq_terence

Skill      XL: |  1  2  3 |
---------------+----------+-----
Shields        | 1 |  1.4
Axes           | 1 |  1.4
Armour         | 1 |  1.4
Evocations     | 1 |  1.2
Fighting       | |  2.5
Staves         | |  3.1
Throwing       | |  2.2
Dodging        | |  2.8

Action                   |  1- 3 |  4- 6 || total
-------------------------+-------+-------++-------
Melee: Quarterstaff      |   104 |     9 ||   113
       Punch             |     1 |       ||     1
Armor: Leather armour    |    13 |       ||    13
       Ring mail         |    27 |     3 ||    30
Dodge: Dodged            |   112 |     9 ||   121
